 Dungeon Crawl Stone Soup version 0.30.1-11-g7821555f0a (webtiles) character file.

Game seed: 1828633319108729056

958 fireball365 the Cleaver (level 8, -3/111 HPs)
             Began as a Hill Orc Fighter on Nov 19, 2023.
             Slain by a hound (5 damage)
             ... on level 5 of the Dungeon.
             The game lasted 00:08:11 (4781 turns).

fireball365 the Cleaver (Hill Orc Fighter)          Turns: 4781, Time: 00:08:12

Health: -3/111     AC:  8    Str: 20    XL:     8   Next: 14%
Magic:  0/8        EV:  9    Int: 12    God:
Gold:   238        SH:  8    Dex:  9    Spells: 7/7 levels left

rFire   . . .        a - +0 war axe
rCold   + . .        c - +0 buckler
rNeg    . . .        b - +0 scale mail
rPois   .            (no helmet)
rElec   .            (no cloak)
rCorr   .            i - +0 pair of gloves
SInv    .            (no boots)
Will    .....        u - amulet of guardian spirit Stlth
                     j - ring of protection from cold
HPRegen 0.38/turn    (no ring)
MPRegen 0.11/turn

%: guardian spirit
@: berserking, lethally poisoned (-3 -> -13), very quick
A: large bone plates 1, clever 1, robust 1
a: no special abilities


You were on level 5 of the Dungeon.
You visited 1 branch of the dungeon, and saw 6 of its levels.

You collected 286 gold pieces.
You spent 48 gold pieces at shops.

Inventory:

Hand Weapons
 a - a +0 war axe (weapon)
Armour
 b - a +0 scale mail (worn)
 c - a +0 buckler (worn)
 i - a +0 pair of gloves (worn)
Jewellery
 h - an amulet of magic regeneration
 j - a ring of protection from cold (left hand)
 o - a ring of wizardry
 u - an amulet of guardian spirit (around neck)
Scrolls
 g - 3 scrolls of teleportation
 k - a scroll of enchant armour {unknown}
 n - a scroll of fog {unknown}
 p - 2 scrolls of torment
 s - a scroll of immolation {unknown}
 v - a scroll of vulnerability {unknown}
 w - 2 scrolls of amnesia {unknown}
 z - a scroll of blinking {unknown}
Potions
 d - a potion of might
 e - a potion of haste {unknown}
 f - a potion of berserk rage
 l - 2 potions of attraction
 m - a potion of cancellation {unknown}
 q - a potion of degeneration {unknown}
 r - 2 potions of brilliance
 t - 2 potions of resistance
 x - a potion of invisibility {unknown}


   Skills:
 + Level 5.3 Fighting
 + Level 8.0 Axes
 + Level 5.9 Armour
 + Level 1.6 Dodging
 + Level 0.3 Stealth
 + Level 5.0 Shields


You had 7 spell levels left.
You didn't know any spells.
Your spell library contained the following spells:

 Spells                   Type           Power      Damage    Failure   Level
 Dazzling Flash           Conj/Hex       0%         N/A       97%         3
 Portal Projectile        Hex/Tloc       0%         N/A       97%         3
 Tukima's Dance           Hex            0%         N/A       97%         3
 Volatile Blastmotes      Fire/Tloc      0%         2d10      97%         3
 Iskenderun's Mystic Bla  Conj/Tloc      0%         2d3       100%        4
 Blade Hands              Tmut           0%         N/A       100%        5
 Starburst                Conj/Fire      0%         6d3       100%        6
 Borgnjor's Revivificati  Necr           0%         N/A       100%        8
 Necromutation            Tmut/Necr      0%         N/A       100%        8
 Death's Door             Necr           0%         N/A       100%        9


Dungeon Overview and Level Annotations

Branches:
Dungeon (6/15)
 Temple: D:4-7

Altars:
The Shining One

Shops:
D:1 ?


Innate Abilities, Weirdness & Mutations

You are partially covered in large bone plates. (SH +4)
Your mind is acute. (Int +4, Str/Dex -1)
You are robust. (+10% HP)


Message History

The ogre hits you with a +0 giant club!!
* * * LOW HITPOINT WARNING * * *
The hound bites you.
* * * LOW HITPOINT WARNING * * *
You feel better. The water moccasin closely misses you.
The kobold hits you but does no damage. You block the hound's attack.
The water moccasin completely misses you.
You slash the ogre!
The ogre is almost dead.
You hit the kobold.
You kill the kobold!
You barely miss the water moccasin. You closely miss the hound.
The hound barely misses you. The ogre hits you with a +0 giant club.
* * * LOW HITPOINT WARNING * * *
The water moccasin bites you.
* * * LOW HITPOINT WARNING * * *
The hound bites you but does no damage.
A red film seems to cover your vision as you go berserk!
You feel yourself moving faster!
You feel mighty!
The water moccasin bites you but does no damage.
You block the hound's attack. The ogre hits you with a +0 giant club!
* * * LOW HITPOINT WARNING * * *
The water moccasin bites you.
* * * LOW HITPOINT WARNING * * *
You are lethally poisoned!
The water moccasin poisons you!
You slash the ogre!
You kill the ogre!
You miss the water moccasin. You slash the hound!
* * * LOW HITPOINT WARNING * * *
You feel very sick. The hound completely misses you.
The water moccasin barely misses you.
Your Axes skill increases to level 8!
Your Shields skill increases to level 5!
You closely miss the hound.
The hound is severely wounded.
You miss the water moccasin.
* * * LOW HITPOINT WARNING * * *
You feel sick. The hound bites you.
You die...

#### ##..### ##..## ####.<...###
##....# #..........# .#...##
##### #.....##..## .#..## ##.#.##
##.#......## .....# #...).#
###.......# .....##
######.....### ##...##.. ......#
#...#..h.)...## ##..###.#
......###...#..(@)....###....####
##....##........)S.....#.......##
###....#...#...#...............##
#..........#...#............)...#
..........###.##.................
...............#).)..............
.................#...............
................##.......#..##.#.
.....))#.........#.....###...####


You could see a water moccasin and a hound.

Vanquished Creatures
  Grinder (D:4)
  2 ogres
  Blork the orc (D:5)
  A kobold brigand (D:5)
  A scorpion (D:5)
  A hound (D:5)
  A sleepcap (D:4)
  3 iguanas
  An orc wizard (D:5)
  9 adders
  3 gnolls (D:2)
  2 dart slugs
  9 orcs
  6 ball pythons
  8 endoplasms
  3 giant cockroaches
  10 goblins
  7 hobgoblins
  8 jackals
  14 kobolds
  6 quokkas
  4 bats
  5 frilled lizards
  25 rats
131 creatures vanquished.

Notes
Turn   | Place    | Note
-------+----------+-------------------------------------------
     0 | D:1      | fireball365 the Hill Orc Fighter began the quest for the
                  | Orb.
     0 | D:1      | Reached XP level 1. HP: 19/19 MP: 1/1
    66 | D:1      | Reached XP level 2. HP: 16/27 MP: 2/2
   178 | D:1      | Reached skill level 3 in Axes
   350 | D:1      | Found Asta's Magic Scroll Boutique.
   356 | D:1      | Bought a scroll of identify for 24 gold pieces
   356 | D:1      | Bought a scroll of identify for 24 gold pieces
   424 | D:1      | Reached XP level 3. HP: 12/33 MP: 3/3
  1120 | D:2      | Reached skill level 4 in Axes
  1121 | D:2      | Reached XP level 4. HP: 27/40 MP: 4/4
  1785 | D:2      | Reached skill level 5 in Axes
  1800 | D:2      | Reached XP level 5. HP: 43/46 MP: 5/5
  2397 | D:3      | Gained mutation: You expend magic power (3 MP) to
                  | strengthen your wands. [potion of mutation]
  2397 | D:3      | Gained mutation: Potions are less effective at restoring
                  | your health. [potion of mutation]
  2397 | D:3      | Gained mutation: You possess an exceptional clarity of
                  | mind. [potion of mutation]
  2398 | D:3      | Lost mutation: You possess an exceptional clarity of mind.
                  | [potion of mutation]
  2398 | D:3      | Lost mutation: You expend magic power (3 MP) to strengthen
                  | your wands. [potion of mutation]
  2398 | D:3      | Lost mutation: Potions are less effective at restoring your
                  | health. [potion of mutation]
  2398 | D:3      | Gained mutation: Your mind is acute. (Int +4, Str/Dex -1)
                  | [potion of mutation]
  2398 | D:3      | Gained mutation: Armour fits poorly on your strangely
                  | shaped body. [potion of mutation]
  2399 | D:3      | Lost mutation: Your mind is acute. (Int +4, Str/Dex -1)
                  | [potion of mutation]
  2399 | D:3      | Lost mutation: Armour fits poorly on your strangely shaped
                  | body. [potion of mutation]
  2399 | D:3      | Gained mutation: Your mind is acute. (Int +4, Str/Dex -1)
                  | [potion of mutation]
  2399 | D:3      | Gained mutation: You are robust. (+10% HP) [potion of
                  | mutation]
  2399 | D:3      | Gained mutation: You are partially covered in large bone
                  | plates. (SH +4) [potion of mutation]
  3271 | D:4      | Reached skill level 6 in Axes
  3271 | D:4      | Reached XP level 6. HP: 58/58 MP: 6/6
  3473 | D:4      | Found a glowing golden altar of the Shining One.
  3618 | D:4      | Noticed Grinder
  3618 | D:4      | Paralysed by Grinder for 5 turns
  3626 | D:4      | Paralysed by Grinder for 3 turns
  3638 | D:4      | HP: 2/58 [Grinder (4)]
  3644 | D:4      | Paralysed by Grinder for 4 turns
  3662 | D:4      | Paralysed by Grinder for 3 turns
  3665 | D:4      | Killed Grinder
  3666 | D:4      | Reached skill level 7 in Axes
  3666 | D:4      | Reached skill level 1 in Dodging
  3666 | D:4      | Reached XP level 7. HP: 15/66 MP: 7/7
  3906 | D:5      | Entered Level 5 of the Dungeon
  3929 | D:5      | Reached skill level 5 in Armour
  4023 | D:5      | Reached skill level 5 in Fighting
  4618 | D:6      | Noticed Blork the orc
  4637 | D:5      | Killed Blork the orc
  4638 | D:5      | Reached XP level 8. HP: 32/74 MP: 3/8
  4780 | D:5      | HP: 4/111 [poisoned by a water moccasin]
  4781 | D:5      | Reached skill level 8 in Axes
  4781 | D:5      | Reached skill level 5 in Shields
  4781 | D:5      | Slain by a hound

Illustrated notes

Levels and vault maps discovered:
D:1:      saegor_arrival_simple_b, layout_basic, serial_shops,
          nicolae_shop_back_alley_shop
D:2:      layout_loops_corners, minmay_misc_feat_nine_boxes, minmay_rat_hole
D:3:      layout_basic
D:4:      layout_gridville, mainiacjoe_overflow_cross_hatched, uniq_grinder
D:5:      layout_cave_pools
D:6:      layout_cave_pools, mainiacjoe_overflow_catwalk_spiral, serial_bayou,
          serial_bayou_pond_b, serial_bayou_pond_b, serial_bayou_shore_a,
          serial_bayou_pond_c, serial_bayou_crossing, serial_bayou_lagoon_b,
          minivault_1, minmay_chambers_of_fives, uniq_blork_the_orc,
          uniq_menkaure

Skill      XL: |  1  2  3  4  5  6  7  8 |
---------------+-------------------------+-----
Axes           | 3 4 5 6 7 8 |  8.0
Fighting       | 4 5 |  5.3
Shields        | 4 5 |  5.0
Armour         | 4 5 |  5.9
Dodging        | 1 |  1.6
Stealth        | |  0.3

Action                     |  1- 3 |  4- 6 |  7- 9 || total
---------------------------+-------+-------+-------++-------
  Melee: War axe           |   113 |   199 |    71 ||   383
    Use: Scroll            |     2 |     4 |     1 ||     7
         Potion            |       |     6 |     2 ||     8
 Armour: Scale mail        |    71 |   117 |    49 ||   237
  Dodge: Dodged            |    69 |    81 |    48 ||   198
  Block: Buckler           |    32 |    75 |    50 ||   157
